 Dungeon Crawl Stone Soup version 0.14-a0-2124-ga163777 (webtiles) character file.

65 MirrMurr the Ducker (level 2, -5/14 HPs)
             Began as a Felid Berserker on Jan 27, 2014.
             Was a Follower of Trog.
             Killed from afar by Jessica (10 damage)
             ... with a wand of magic darts
             ... on Level 2 of the Dungeon.
             The game lasted 00:03:11 (926 turns).

MirrMurr the Ducker (Felid Berserker)                Turns: 926, Time: 00:03:12

HP  -5/14        AC  1     Str 13      XL: 2   Next: 93%
MP   3/3         EV 19     Int  8      God: Trog [*.....]
Gold 38          SH  0     Dex 15      Spells:  0 memorised,  1 level left
Lives: 0, deaths: 0

rFire  . . .     SeeInvis +       - Unarmed
rCold  . . .     Clarity  .     (armour unavailable)
rNeg   . . .     Conserve .     (shield unavailable)
rPois  .         rCorr    .     (helmet unavailable)
rElec  .         rRot     .     (cloak unavailable)
SustAb . .       Spirit   .     (gloves unavailable)
rMut   .         Warding  .     (boots unavailable)
Saprov . . .     Stasis   .     (no amulet)
MR     .....                    (no ring)
                                (no ring)

@: quick, not resistant to hostile enchantments, fairly stealthy
A: paw claws, no armour, no advanced items, fangs 3, see invisible, carnivore 3,
speed 1, shaggy fur 1, slow metabolism 1, jump 1
a: Jump Attack, Burn Spellbooks, Berserk, Renounce Religion


You were on level 2 of the Dungeon.
You worshipped Trog.
Trog was aware of your devotion.
You were very full.

You visited 1 branch of the dungeon, and saw 2 of its levels.

You collected 38 gold pieces.

Inventory:

Comestibles
 c - 2 meat rations
Scrolls
 d - a scroll of remove curse
 j - a scroll of magic mapping {unknown}
Jewellery
 a - an uncursed ring of teleportation
 e - an uncursed ring of poison resistance {unknown}
 g - an uncursed ring of positive energy {unknown}
Potions
 b - a potion of speed {unknown}
 f - a potion of degeneration {unknown}
 h - 2 potions of curing {unknown}
 i - a potion of poison {unknown}


   Skills:
 + Level 3.2 Fighting
 + Level 4.5 Dodging
 + Level 0.8 Stealth
 * Level 3.5 Unarmed Combat


You had one spell level left.
You didn't know any spells.

Dungeon Overview and Level Annotations

Branches:
Dungeon (2/16)

Altars:
Sif Muna
Zin

Shops:
D:2 *

Annotations:
D:2 Jessica


Innate Abilities, Weirdness & Mutations

You cannot wear armour.
You are incapable of any advanced item manipulation.
Your paws have sharp claws.
You have razor-sharp teeth.
You have supernaturally acute eyesight.
You are carnivorous and can eat meat at any time.
You cover ground quickly.
You are covered in fur (AC +1).
You have a slow metabolism.
You can jump attack at a short distance.


Message History

No target in view!
j - a scroll labeled THASMA SHRADOL Jessica comes into view.
She is wielding a club.
Jessica shouts!
Found 12 gold pieces.
Jessica casts a spell.
Jessica seems to speed up.
Jessica points at you and mumbles some strange words.
You resist. Jessica misses you.
You scratch Jessica.
Jessica begins to bleed from her wounds!
Jessica is heavily wounded.
Jessica zaps a wand.
The magic dart hits you!
Ouch! That really hurt!
You scratch Jessica.
Jessica is severely wounded.
Jessica zaps a wand.
The magic dart hits you!
Ouch! That really hurt!
You die...

..# .....# ......#
#$.....### #......#.
#.......### #
#.......#.#..#
#......#@♣.#
####..!...@#
............#
#######.###...... #.#
##... #.# .....
.######.#####........
.............<.......
#######.#####......[
##.
#######.#####......


You could see Jessica (bleeding).

Vanquished Creatures
  Terence (D:2)
  A giant gecko (D:1)
  A bat (D:1)
  A hobgoblin (D:1)
  2 giant cockroaches (D:1)
  A giant newt (D:1)
  2 goblins (D:1)
  4 kobolds
  2 rats
15 creatures vanquished.

Notes
Turn   | Place    | Note
--------------------------------------------------------------
     0 | D:1      | MirrMurr, the Felid Berserker, began the quest for the Orb.
     0 | D:1      | Reached XP level 1. HP: 10/10 MP: 2/2
   395 | D:1      | Reached XP level 2. HP: 14/14 MP: 3/3
   738 | D:2      | Found Zin's Purification Station.
   739 | D:2      | Found a glowing silver altar of Zin.
   739 | D:2      | Noticed Terence
   750 | D:2      | Killed Terence
   839 | D:2      | Found a deep blue altar of Sif Muna.
   921 | D:2      | Noticed Jessica
   926 | D:2      | Killed from afar by Jessica

Action                   || total
-------------------------++-------
Melee: Unarmed           ||    52
Invok: Berserk           ||     1
  Use: Scroll            ||     2
